[ AOE2 MATCH · #478941994 ]
UnrankedCelts vs Wei
[ REPLAY ANALYSIS · EXTRACTED FROM THE RECORDED GAME ]
Feudal
—
Castle
—
Imperial
—
| APM avg | 15.5 |
| APM peak | 32 |
| eAPM avg | 11.7 |
| Villagers / military | 107 / 23 |
Focus
⚔️ 17.5% · 🌾 82.5%
Woad Raider ×16 · Mangonel ×5 · Spearman ×1 · Battering Ram ×1
Feudal
—
Castle
—
Imperial
—
| APM avg | 15.7 |
| APM peak | 38 |
| eAPM avg | 8.6 |
| Villagers / military | 59 / 14 |
Focus
⚔️ 20.1% · 🌾 79.9%
Knight ×12 · Spearman ×2
Feudal
—
Castle
—
Imperial
—
| APM avg | 19.8 |
| APM peak | 39 |
| eAPM avg | 11.7 |
| Villagers / military | 59 / 6 |
Focus
⚔️ 30.4% · 🌾 69.6%
Unknown (1944) ×33 · Battering Ram ×6
Feudal
—
Castle
—
Imperial
—
| APM avg | 9.7 |
| APM peak | 29 |
| eAPM avg | 7.5 |
| Villagers / military | 50 / 30 |
Focus
⚔️ 20.9% · 🌾 79.1%
Archer ×10 · Militia ×9 · Spearman ×8 · Skirmisher ×3
Feudal
—
Castle
—
Imperial
—
| APM avg | 13.1 |
| APM peak | 29 |
| eAPM avg | 10.3 |
| Villagers / military | 85 / 41 |
Focus
⚔️ 23.5% · 🌾 76.5%
Spearman ×18 · Archer ×13 · Militia ×5 · Battering Ram ×3 · Scout Cavalry ×2
Feudal
—
Castle
—
Imperial
—
| APM avg | 14.8 |
| APM peak | 57 |
| eAPM avg | 8.6 |
| Villagers / military | 82 / 17 |
Focus
⚔️ 7.2% · 🌾 92.8%
Hand Cannoneer ×17
Match map
Initial resources + every placement click. Lines = walls · curves = elevation contours. ◆ gold · ⬟ stone · ● berries · ✦ relic · ◌ wall gap
Your base· ✓ Closed at 16:35 · 30t walls · 3 gate(s)
BudLight Knight's base· ✓ Closed at 18:23 · 68t walls · 3 gate(s)
i2i Vibe's base· Open — unwalled flank
Jojo's base· Open — 3t gap
mleit's base· Open — unwalled flank
Hamurabi1's base· ✓ Closed at 16:38 · 0t walls · 2 gate(s) · fragile
Smoothed initial terrain · ◌ = detected wall gap · hover for details
Inputs per minute
— ogipochi_ - - BudLight Knight
Build order — ogipochi_
First 150 of 215 actions detected
| 0:01 | Create | Villager (Male) |
| 0:02 | Build | House |
| 0:05 | Build | House |
| 0:21 | Create | Villager (Male) |
| 0:22 | Create | Villager (Male) |
| 0:22 | Create | Villager (Male) |
| 0:22 | Create | Villager (Male) |
| 0:22 | Create | Villager (Male) |
| 1:30 | Create | Villager (Male) |
| 1:30 | Create | Villager (Male) |
| 2:07 | Create | Villager (Male) |
| 2:07 | Create | Villager (Male) |
| 2:26 | Build | Lumber Camp |
| 2:36 | Build | House |
| 2:38 | Build | House |
| 2:39 | Create | Villager (Male) |
| 3:10 | Create | Villager (Male) |
| 3:11 | Create | Villager (Male) |
| 3:11 | Create | Villager (Male) |
| 3:40 | Create | Villager (Male) |
| 3:41 | Create | Villager (Male) |
| 4:09 | Create | Villager (Male) |
| 4:09 | Create | Villager (Male) |
| 4:18 | Create | Villager (Male) |
| 4:18 | Create | Villager (Male) |
| 4:48 | Create | Villager (Male) |
| 4:52 | Build | Mill |
| 5:28 | Create | Villager (Male) |
| 6:06 | Create | Villager (Male) |
| 6:06 | Create | Villager (Male) |
| 6:06 | Create | Villager (Male) |
| 6:18 | Build | Mill |
| 6:44 | Create | Villager (Male) |
| 6:44 | Create | Villager (Male) |
| 6:44 | Create | Villager (Male) |
| 6:45 | Create | Villager (Male) |
| 6:45 | Create | Villager (Male) |
| 7:20 | Create | Villager (Male) |
| 7:20 | Create | Villager (Male) |
| 8:09 | Create | Villager (Male) |
| 8:13 | Research | Loom |
| 8:59 | Research | Feudal Age |
| 9:08 | Build | Mining Camp |
| 9:18 | Build | Mining Camp |
| 9:40 | Build | Farm |
| 9:44 | Build | Farm |
| 9:47 | Build | Farm |
| 9:56 | Create | Villager (Male) |
| 9:56 | Create | Villager (Male) |
| 11:44 | Research | Wheelbarrow |
| 11:45 | Research | Town Watch |
| 11:45 | Create | Villager (Male) |
| 11:46 | Create | Villager (Male) |
| 11:46 | Create | Villager (Male) |
| 11:51 | Build | House |
| 11:52 | Build | House |
| 11:59 | Build | Market |
| 12:06 | Build | Blacksmith |
| 12:38 | Build | Stone Wall |
| 12:47 | Build | Gate |
| 13:02 | Research | Horse Collar |
| 13:02 | Research | Gold Mining |
| 13:04 | Research | Stone Mining |
| 13:08 | Research | Double-Bit Axe |
| 13:20 | Create | Villager (Male) |
| 13:21 | Create | Villager (Male) |
| 13:21 | Create | Villager (Male) |
| 14:22 | Build | Farm |
| 14:25 | Build | Farm |
| 14:42 | Build | Farm |
| 14:48 | Build | Barracks |
| 15:08 | Build | Farm |
| 15:16 | Build | Farm |
| 16:00 | Build | Farm |
| 16:02 | Build | Farm |
| 16:07 | Build | Farm |
| 16:11 | Create | Villager (Male) |
| 16:35 | Research | Castle Age |
| 17:21 | Build | Farm |
| 17:24 | Build | Farm |
| 17:36 | Research | Arson |
| 18:00 | Create | Villager (Male) |
| 18:01 | Create | Villager (Male) |
| 18:06 | Build | House |
| 18:08 | Build | House |
| 18:14 | Research | Forging |
| 18:15 | Research | Scale Mail Armor |
| 18:19 | Create | Villager (Male) |
| 18:19 | Create | Villager (Male) |
| 19:23 | Research | Bow Saw |
| 19:29 | Build | Town Center |
| 20:33 | Create | Spearman |
| 20:37 | Research | Heavy Plow |
| 20:44 | Research | Hand Cart |
| 20:45 | Create | Villager (Male) ×2 |
| 21:12 | Build | Siege Workshop |
| 21:16 | Create | Villager (Male) |
| 21:16 | Create | Villager (Male) |
| 21:37 | Build | Farm |
| 21:39 | Build | Farm |
| 21:47 | Create | Villager (Male) |
| 21:47 | Create | Villager (Male) |
| 22:19 | Build | Town Center |
| 22:31 | Create | Villager (Male) ×5 |
| 22:39 | Create | Mangonel |
| 22:56 | Create | Villager (Male) ×5 |
| 23:29 | Create | Villager (Male) |
| 23:30 | Create | Villager (Male) |
| 23:30 | Create | Villager (Male) |
| 23:47 | Build | Farm |
| 23:49 | Build | Farm |
| 23:54 | Create | Mangonel |
| 24:02 | Create | Villager (Male) |
| 24:03 | Create | Villager (Male) |
| 24:03 | Create | Villager (Male) |
| 24:06 | Build | Farm |
| 24:10 | Research | Chain Mail Armor |
| 24:15 | Create | Villager (Male) |
| 24:15 | Create | Villager (Male) |
| 24:15 | Create | Villager (Male) |
| 24:24 | Build | House |
| 24:26 | Build | House |
| 24:27 | Build | House |
| 24:29 | Build | House |
| 24:31 | Build | House |
| 24:32 | Build | House |
| 24:34 | Build | House |
| 24:35 | Build | House |
| 24:36 | Build | House |
| 24:38 | Build | House |
| 24:39 | Build | House |
| 24:40 | Build | House |
| 24:45 | Create | Villager (Male) |
| 24:45 | Create | Villager (Male) |
| 24:46 | Create | Villager (Male) |
| 24:47 | Create | Villager (Male) |
| 24:47 | Create | Villager (Male) |
| 25:16 | Create | Mangonel |
| 25:22 | Create | Villager (Male) |
| 25:22 | Create | Villager (Male) |
| 25:22 | Create | Villager (Male) |
| 25:37 | Build | Castle |
| 25:47 | Create | Villager (Male) |
| 25:47 | Create | Villager (Male) |
| 25:47 | Create | Villager (Male) |
| 25:49 | Create | Villager (Male) |
| 25:50 | Create | Villager (Male) |
| 25:50 | Create | Villager (Male) |
| 25:51 | Build | Farm |
| 25:53 | Build | Farm |
Build order — BudLight Knight
139 actions detected in the replay
| 0:01 | Create | Villager (Male) |
| 0:01 | Create | Villager (Male) |
| 0:02 | Create | Villager (Male) |
| 0:03 | Build | House |
| 0:06 | Build | House |
| 0:39 | Create | Villager (Male) |
| 0:39 | Create | Villager (Male) |
| 1:37 | Create | Villager (Male) |
| 1:51 | Build | Lumber Camp |
| 1:59 | Create | Villager (Male) |
| 2:23 | Create | Villager (Male) |
| 2:23 | Create | Villager (Male) |
| 2:55 | Create | Villager (Male) |
| 2:55 | Create | Villager (Male) |
| 3:25 | Create | Villager (Male) |
| 3:25 | Create | Villager (Male) |
| 3:45 | Research | Loom |
| 3:45 | Create | Villager (Male) |
| 3:46 | Create | Villager (Male) |
| 4:02 | Build | House |
| 4:04 | Build | House |
| 4:05 | Build | House |
| 5:06 | Create | Villager (Male) |
| 5:06 | Create | Villager (Male) |
| 5:07 | Create | Villager (Male) |
| 5:45 | Create | Villager (Male) |
| 5:45 | Create | Villager (Male) |
| 6:08 | Create | Villager (Male) |
| 6:08 | Create | Villager (Male) |
| 6:16 | Build | Mill |
| 6:29 | Create | Villager (Male) |
| 6:29 | Create | Villager (Male) |
| 6:40 | Build | Barracks |
| 6:53 | Create | Villager (Male) |
| 6:53 | Create | Villager (Male) |
| 7:42 | Create | Villager (Male) |
| 7:42 | Create | Villager (Male) |
| 8:27 | Build | House |
| 8:28 | Build | House |
| 8:33 | Create | Villager (Male) |
| 9:14 | Create | Villager (Male) |
| 9:26 | Build | Mill |
| 9:56 | Create | Villager (Male) |
| 10:04 | Build | House |
| 10:29 | Create | Villager (Male) |
| 10:58 | Create | Villager (Male) |
| 11:23 | Research | Feudal Age |
| 11:47 | Create | Villager (Male) |
| 11:48 | Create | Villager (Male) |
| 12:16 | Build | Farm |
| 12:17 | Build | Farm |
| 12:18 | Build | Farm |
| 12:19 | Build | Farm |
| 12:21 | Build | Farm |
| 12:22 | Build | Farm |
| 12:23 | Build | Farm |
| 12:24 | Build | Farm |
| 12:37 | Build | Mining Camp |
| 12:44 | Create | Villager (Male) |
| 13:26 | Build | Palisade Wall |
| 13:31 | Create | Villager (Male) |
| 13:31 | Create | Villager (Male) |
| 13:51 | Build | Farm |
| 13:53 | Build | Farm |
| 13:54 | Build | Farm |
| 13:55 | Build | Farm |
| 13:56 | Build | Farm |
| 14:11 | Create | Villager (Male) |
| 14:12 | Create | Villager (Male) |
| 14:43 | Create | Villager (Male) |
| 14:54 | Build | Stone Wall |
| 15:16 | Build | Blacksmith |
| 15:23 | Create | Villager (Male) |
| 15:23 | Create | Villager (Male) |
| 15:47 | Build | Mining Camp |
| 16:20 | Build | Stone Wall |
| 16:29 | Build | Stone Wall |
| 16:34 | Build | Stone Wall |
| 16:51 | Create | Villager (Male) |
| 17:10 | Build | Stable |
| 17:20 | Create | Villager (Male) |
| 17:28 | Research | Double-Bit Axe |
| 18:11 | Build | Stone Wall |
| 18:23 | Research | Castle Age |
| 18:23 | Create | Villager (Male) |
| 18:24 | Create | Villager (Male) |
| 18:34 | Create | Spearman |
| 18:34 | Create | Spearman |
| 18:52 | Build | Gate |
| 18:57 | Build | Gate |
| 19:03 | Build | Gate |
| 19:42 | Build | Gate |
| 21:13 | Create | Villager (Male) |
| 21:44 | Create | Villager (Male) |
| 21:44 | Create | Villager (Male) |
| 21:52 | Build | House |
| 21:54 | Build | House |
| 21:55 | Build | House |
| 21:56 | Build | House |
| 21:57 | Build | House |
| 21:58 | Build | House |
| 21:58 | Build | House |
| 22:00 | Build | House |
| 22:30 | Create | Knight |
| 22:30 | Create | Knight |
| 22:30 | Create | Knight |
| 22:30 | Create | Knight |
| 22:54 | Research | Bow Saw |
| 22:58 | Build | Lumber Camp |
| 23:01 | Create | Villager (Male) |
| 23:01 | Create | Villager (Male) |
| 23:02 | Create | Villager (Male) |
| 23:07 | Research | Gold Mining |
| 23:21 | Build | Farm |
| 23:36 | Build | Farm |
| 24:11 | Create | Knight |
| 24:11 | Create | Knight |
| 24:15 | Research | Scale Barding Armor |
| 24:16 | Research | Forging |
| 25:19 | Create | Villager (Male) |
| 25:19 | Create | Villager (Male) |
| 25:20 | Create | Villager (Male) |
| 26:26 | Build | Barracks |
| 26:57 | Build | Castle |
| 27:02 | Create | Knight |
| 27:03 | Create | Knight |
| 27:07 | Research | Chain Barding Armor |
| 27:09 | Research | Iron Casting |
| 27:30 | Build | Farm |
| 27:32 | Build | Farm |
| 27:35 | Create | Villager (Male) |
| 27:35 | Create | Villager (Male) |
| 27:35 | Create | Villager (Male) |
| 27:43 | Create | Knight |
| 27:43 | Create | Knight |
| 27:48 | Research | Pikeman (upgrade) |
| 27:51 | Research | Scale Mail Armor |
| 28:31 | Create | Knight |
| 28:32 | Create | Knight |
Build order — i2i Vibe
First 150 of 162 actions detected
| 0:03 | Create | Villager (Male) ×4 |
| 0:05 | Build | House |
| 0:07 | Build | House |
| 1:40 | Create | Villager (Male) |
| 1:40 | Create | Villager (Male) |
| 2:08 | Create | Villager (Male) |
| 2:09 | Create | Villager (Male) |
| 2:23 | Create | Villager (Male) |
| 2:23 | Create | Villager (Male) |
| 2:45 | Create | Villager (Male) |
| 2:46 | Create | Villager (Male) |
| 3:09 | Create | Villager (Male) |
| 3:09 | Create | Villager (Male) |
| 3:27 | Build | House |
| 3:31 | Build | House |
| 3:39 | Build | Mill |
| 3:41 | Create | Villager (Male) |
| 3:42 | Create | Villager (Male) |
| 3:56 | Create | Villager (Male) |
| 4:04 | Create | Villager (Male) |
| 4:04 | Create | Villager (Male) |
| 4:27 | Build | Lumber Camp |
| 4:31 | Create | Villager (Male) |
| 4:58 | Create | Villager (Male) |
| 5:26 | Create | Villager (Male) |
| 6:23 | Create | Villager (Male) |
| 6:23 | Create | Villager (Male) |
| 7:31 | Research | Feudal Age |
| 7:32 | Research | Loom |
| 7:57 | Build | House |
| 8:00 | Build | House |
| 8:13 | Create | Villager (Male) |
| 9:06 | Create | Villager (Male) |
| 9:12 | Build | Barracks |
| 9:41 | Research | Double-Bit Axe |
| 9:49 | Build | Gate |
| 9:58 | Create | Villager (Male) |
| 10:10 | Build | Stable |
| 10:21 | Build | Blacksmith |
| 10:28 | Build | House |
| 10:31 | Build | House |
| 10:41 | Build | Stone Wall |
| 10:44 | Create | Villager (Male) |
| 11:06 | Build | Market |
| 11:16 | Create | Villager (Male) |
| 11:41 | Create | Villager (Male) |
| 11:55 | Build | Mining Camp |
| 12:05 | Create | Villager (Male) |
| 12:08 | Create | Villager (Male) |
| 12:52 | Build | Farm |
| 12:52 | Build | Farm |
| 12:53 | Build | Farm |
| 12:53 | Build | Farm |
| 13:35 | Build | House |
| 13:37 | Build | House |
| 13:45 | Build | House |
| 15:14 | Build | Farm |
| 15:14 | Build | Farm |
| 15:15 | Build | Farm |
| 15:15 | Build | Farm |
| 15:15 | Build | Farm |
| 15:22 | Build | Farm |
| 15:28 | Build | House |
| 15:29 | Build | House |
| 15:31 | Research | Castle Age |
| 15:40 | Build | House |
| 16:12 | Build | Stable |
| 16:34 | Build | Mining Camp |
| 16:45 | Build | Farm |
| 17:00 | Build | Farm |
| 17:08 | Create | Villager (Male) |
| 17:11 | Research | Scale Barding Armor |
| 17:57 | Research | Gold Mining |
| 18:04 | Research | Horse Collar |
| 18:12 | Create | Unit 1944 ×2 |
| 18:18 | Create | Unit 1944 |
| 18:18 | Create | Unit 1944 |
| 18:25 | Build | Farm |
| 18:32 | Build | Farm |
| 18:34 | Create | Villager (Male) |
| 18:45 | Create | Unit 1944 |
| 18:46 | Create | Unit 1944 |
| 19:05 | Create | Unit 1944 |
| 19:05 | Create | Unit 1944 |
| 19:15 | Build | Siege Workshop |
| 19:23 | Create | Villager (Male) |
| 19:31 | Create | Villager (Male) |
| 19:55 | Create | Unit 1944 |
| 19:55 | Create | Unit 1944 |
| 20:03 | Create | Villager (Male) |
| 20:09 | Build | Farm |
| 20:14 | Build | Farm |
| 20:32 | Create | Unit 1944 |
| 20:34 | Create | Villager (Male) |
| 20:42 | Create | Battering Ram |
| 20:49 | Create | Unit 1944 |
| 20:59 | Create | Villager (Male) |
| 21:18 | Create | Villager (Male) |
| 21:29 | Create | Unit 1944 |
| 21:35 | Create | Battering Ram |
| 21:47 | Create | Villager (Male) |
| 21:55 | Create | Unit 1944 |
| 22:08 | Create | Villager (Male) |
| 22:14 | Research | Horse Collar |
| 22:41 | Create | Villager (Male) |
| 22:45 | Create | Unit 1944 |
| 22:55 | Create | Battering Ram |
| 23:19 | Create | Unit 1944 |
| 23:35 | Create | Villager (Male) |
| 23:35 | Create | Villager (Male) |
| 23:49 | Create | Battering Ram |
| 23:49 | Create | Battering Ram |
| 23:54 | Create | Unit 1944 |
| 24:19 | Create | Villager (Male) |
| 24:19 | Create | Villager (Male) |
| 24:28 | Create | Battering Ram |
| 25:01 | Build | Town Center |
| 25:21 | Create | Unit 1944 ×2 |
| 25:24 | Research | Bloodlines |
| 25:26 | Create | Villager (Male) |
| 25:26 | Create | Villager (Male) |
| 25:26 | Create | Villager (Male) |
| 26:10 | Research | Forging |
| 26:17 | Create | Villager (Male) |
| 26:17 | Create | Villager (Male) |
| 26:20 | Create | Unit 1944 |
| 26:36 | Build | House |
| 26:38 | Build | House |
| 26:40 | Build | House |
| 26:41 | Build | House |
| 26:42 | Build | House |
| 26:46 | Build | Monastery |
| 27:11 | Create | Unit 1944 ×3 |
| 27:11 | Create | Unit 1944 |
| 27:22 | Create | Unit 1944 |
| 27:36 | Build | Siege Workshop |
| 27:40 | Build | Siege Workshop |
| 28:01 | Create | Unit 1944 |
| 28:01 | Create | Unit 1944 |
| 28:01 | Create | Unit 1944 |
| 28:52 | Build | Farm |
| 28:52 | Build | Farm |
| 28:52 | Build | Farm |
| 28:52 | Build | Farm |
| 28:53 | Build | Farm |
| 28:53 | Build | Farm |
| 28:54 | Create | Villager (Male) |
| 28:55 | Create | Villager (Male) |
| 28:55 | Create | Villager (Male) |
| 28:55 | Create | Villager (Male) |
Build order — Jojo
134 actions detected in the replay
| 0:01 | Create | Villager (Male) |
| 0:02 | Create | Villager (Male) |
| 0:02 | Create | Villager (Male) |
| 0:02 | Create | Villager (Male) |
| 0:02 | Create | Villager (Male) |
| 0:04 | Build | House |
| 0:26 | Build | House |
| 0:40 | Research | Loom |
| 1:45 | Create | Villager (Male) |
| 2:21 | Create | Villager (Male) |
| 2:31 | Create | Villager (Male) |
| 2:43 | Create | Villager (Male) |
| 3:10 | Create | Villager (Male) |
| 3:34 | Build | House |
| 3:42 | Create | Villager (Male) |
| 3:58 | Create | Villager (Male) |
| 4:27 | Create | Villager (Male) |
| 4:51 | Create | Villager (Male) |
| 4:56 | Build | Barracks |
| 5:25 | Build | Mining Camp |
| 5:35 | Create | Villager (Male) |
| 5:50 | Create | Villager (Male) |
| 5:50 | Create | Villager (Male) |
| 6:33 | Build | Mill |
| 7:05 | Build | House |
| 7:10 | Create | Villager (Male) |
| 7:42 | Build | House |
| 8:00 | Create | Villager (Male) |
| 8:01 | Create | Villager (Male) |
| 8:41 | Create | Villager (Male) |
| 8:54 | Build | Mining Camp |
| 9:09 | Build | House |
| 9:22 | Build | Lumber Camp |
| 9:24 | Create | Villager (Male) |
| 9:46 | Build | House |
| 9:53 | Build | House |
| 10:23 | Create | Villager (Male) |
| 10:45 | Research | Feudal Age |
| 11:23 | Build | Barracks |
| 11:45 | Build | Farm |
| 11:50 | Create | Militia |
| 11:54 | Create | Militia |
| 11:56 | Create | Militia |
| 11:56 | Create | Militia |
| 11:57 | Create | Militia |
| 11:57 | Create | Militia |
| 11:58 | Create | Militia |
| 12:24 | Build | Lumber Camp |
| 12:27 | Create | Militia |
| 12:29 | Create | Militia |
| 12:39 | Build | Farm |
| 13:13 | Create | Villager (Male) |
| 13:14 | Create | Villager (Male) |
| 13:20 | Research | Double-Bit Axe |
| 13:45 | Create | Villager (Male) |
| 14:09 | Build | Farm |
| 14:15 | Create | Villager (Male) |
| 14:31 | Build | Farm |
| 14:33 | Create | Villager (Male) |
| 15:03 | Build | Farm |
| 15:09 | Research | Horse Collar |
| 15:24 | Build | Blacksmith |
| 15:26 | Create | Villager (Male) |
| 16:03 | Create | Villager (Male) |
| 16:03 | Create | Villager (Male) |
| 16:11 | Build | Market |
| 16:15 | Research | Scale Mail Armor |
| 16:23 | Research | Arson |
| 16:38 | Build | Farm |
| 16:45 | Create | Villager (Male) |
| 17:05 | Build | House |
| 17:06 | Build | House |
| 17:08 | Build | House |
| 17:26 | Build | Watch Tower |
| 17:46 | Build | Farm |
| 18:10 | Create | Villager (Male) |
| 18:13 | Research | Wheelbarrow |
| 18:30 | Build | Archery Range |
| 18:54 | Build | Stable |
| 19:11 | Create | Villager (Male) |
| 19:23 | Create | Villager (Male) |
| 19:49 | Research | Man-at-Arms (upgrade) |
| 20:00 | Build | Farm |
| 20:00 | Build | Farm |
| 20:05 | Create | Archer ×5 |
| 20:05 | Create | Skirmisher ×2 |
| 20:20 | Build | Archery Range |
| 20:30 | Create | Villager (Male) |
| 20:53 | Build | Farm |
| 21:04 | Research | Forging |
| 21:36 | Create | Villager (Male) |
| 21:36 | Create | Villager (Male) |
| 21:40 | Build | Farm |
| 21:44 | Build | Farm |
| 21:50 | Create | Villager (Male) |
| 21:50 | Create | Villager (Male) |
| 22:43 | Build | Farm |
| 22:43 | Build | Farm |
| 22:45 | Create | Villager (Male) ×5 |
| 22:53 | Create | Archer ×5 |
| 22:53 | Create | Skirmisher |
| 22:58 | Build | Farm |
| 23:16 | Research | Gold Mining |
| 23:23 | Build | Farm |
| 23:47 | Research | Bloodlines |
| 23:59 | Build | Watch Tower |
| 24:00 | Build | Watch Tower |
| 24:18 | Build | House |
| 24:20 | Build | House |
| 24:22 | Build | House |
| 24:24 | Build | House |
| 24:25 | Build | House |
| 24:27 | Build | House |
| 24:28 | Build | House |
| 24:30 | Build | House |
| 24:31 | Build | House |
| 24:33 | Build | House |
| 24:34 | Build | House |
| 24:35 | Build | House |
| 24:49 | Create | Villager (Male) ×5 |
| 24:51 | Build | Farm |
| 25:37 | Research | Fletching |
| 25:39 | Research | Padded Archer Armor |
| 25:41 | Research | Scale Barding Armor |
| 26:14 | Create | Spearman |
| 26:14 | Create | Spearman |
| 26:15 | Create | Spearman |
| 26:15 | Create | Spearman |
| 26:17 | Create | Spearman |
| 26:17 | Create | Spearman |
| 26:17 | Create | Spearman |
| 26:17 | Create | Spearman |
| 27:19 | Build | Watch Tower |
| 28:48 | Build | Mining Camp |
Build order — mleit
First 150 of 195 actions detected
| 0:00 | Create | Villager (Male) |
| 0:01 | Create | Villager (Male) |
| 0:01 | Create | Villager (Male) |
| 0:02 | Create | Villager (Male) |
| 0:03 | Build | House |
| 0:06 | Build | House |
| 1:52 | Build | Lumber Camp |
| 1:53 | Create | Villager (Male) |
| 2:17 | Create | Villager (Male) |
| 2:39 | Create | Villager (Male) |
| 2:49 | Create | Villager (Male) |
| 3:34 | Create | Villager (Male) |
| 3:38 | Build | House |
| 4:00 | Create | Villager (Male) |
| 4:18 | Create | Villager (Male) |
| 4:50 | Create | Villager (Male) |
| 5:16 | Build | Mill |
| 5:23 | Research | Loom |
| 5:39 | Create | Villager (Male) |
| 6:15 | Create | Villager (Male) |
| 6:41 | Create | Villager (Male) |
| 6:45 | Create | Villager (Male) |
| 7:08 | Create | Villager (Male) |
| 7:13 | Build | Mining Camp |
| 7:39 | Build | Lumber Camp |
| 7:52 | Build | House |
| 8:29 | Create | Villager (Male) |
| 8:39 | Build | Barracks |
| 8:59 | Create | Villager (Male) |
| 9:13 | Research | Feudal Age |
| 9:41 | Build | House |
| 9:48 | Build | Mining Camp |
| 10:32 | Create | Militia |
| 10:33 | Create | Militia |
| 10:34 | Create | Militia |
| 11:01 | Create | Villager (Male) |
| 11:47 | Build | Town Center |
| 11:49 | Create | Villager (Male) |
| 12:01 | Research | Arson |
| 12:11 | Create | Villager (Male) |
| 12:21 | Build | Blacksmith |
| 12:30 | Build | Farm |
| 12:40 | Create | Villager (Male) |
| 13:02 | Build | House |
| 13:12 | Create | Villager (Male) |
| 13:16 | Build | Farm |
| 13:18 | Build | Farm |
| 13:26 | Create | Spearman |
| 13:26 | Create | Spearman |
| 13:39 | Build | Stable |
| 13:57 | Create | Villager (Male) |
| 14:19 | Build | House |
| 14:23 | Create | Spearman |
| 14:28 | Build | Farm |
| 14:28 | Create | Villager (Male) |
| 14:49 | Build | Archery Range |
| 15:19 | Create | Villager (Male) |
| 15:37 | Build | Market |
| 15:52 | Create | Villager (Male) |
| 16:21 | Build | Mill |
| 16:24 | Create | Villager (Male) |
| 16:28 | Build | Farm |
| 16:32 | Build | Farm |
| 16:41 | Build | House |
| 16:43 | Build | House |
| 16:54 | Create | Spearman |
| 17:16 | Create | Villager (Male) |
| 17:23 | Build | Farm |
| 17:40 | Build | Watch Tower |
| 17:43 | Create | Villager (Male) |
| 17:51 | Build | Farm |
| 17:52 | Create | Villager (Male) |
| 18:15 | Create | Villager (Male) |
| 18:30 | Build | Farm |
| 18:30 | Create | Villager (Male) |
| 18:52 | Research | Man-at-Arms (upgrade) |
| 18:58 | Build | Farm |
| 19:03 | Build | Farm |
| 19:41 | Create | Villager (Male) |
| 19:42 | Create | Villager (Male) |
| 19:43 | Create | Villager (Male) |
| 19:46 | Build | Farm |
| 19:46 | Create | Villager (Male) |
| 20:05 | Create | Villager (Male) |
| 20:15 | Create | Villager (Male) |
| 20:21 | Build | House |
| 20:21 | Create | Villager (Male) |
| 20:41 | Build | House |
| 20:42 | Build | House |
| 20:43 | Build | House |
| 20:45 | Create | Villager (Male) |
| 20:46 | Create | Villager (Male) |
| 20:46 | Create | Villager (Male) |
| 20:51 | Build | Farm |
| 20:53 | Build | Farm |
| 20:54 | Create | Villager (Male) |
| 20:58 | Build | House |
| 21:23 | Create | Scout Cavalry |
| 21:28 | Create | Villager (Male) |
| 21:33 | Build | Farm |
| 21:38 | Build | Farm |
| 21:44 | Build | Farm |
| 21:47 | Build | Farm |
| 21:48 | Create | Villager (Male) |
| 21:48 | Create | Villager (Male) |
| 21:48 | Create | Villager (Male) |
| 22:17 | Build | House |
| 22:17 | Build | House |
| 22:17 | Build | House |
| 22:18 | Build | House |
| 22:18 | Build | House |
| 22:18 | Build | House |
| 22:20 | Build | House |
| 22:32 | Research | Fletching |
| 22:32 | Create | Villager (Male) |
| 22:33 | Create | Villager (Male) |
| 22:33 | Create | Villager (Male) |
| 22:37 | Build | Farm |
| 22:50 | Create | Villager (Male) |
| 22:52 | Create | Villager (Male) |
| 22:56 | Build | Farm |
| 23:37 | Create | Villager (Male) |
| 23:37 | Create | Villager (Male) |
| 23:37 | Create | Villager (Male) |
| 23:38 | Create | Villager (Male) |
| 23:42 | Build | Farm |
| 23:44 | Create | Villager (Male) |
| 24:22 | Build | House |
| 24:40 | Create | Villager (Male) |
| 24:40 | Create | Villager (Male) |
| 24:45 | Create | Villager (Male) |
| 24:45 | Create | Villager (Male) |
| 24:55 | Create | Archer |
| 24:55 | Create | Archer |
| 24:56 | Create | Archer |
| 24:56 | Create | Archer |
| 24:56 | Create | Archer |
| 24:57 | Create | Archer |
| 24:57 | Create | Archer |
| 24:57 | Create | Archer |
| 24:58 | Create | Archer |
| 24:58 | Create | Archer |
| 25:05 | Create | Spearman |
| 25:05 | Create | Spearman |
| 25:06 | Create | Spearman |
| 25:06 | Create | Spearman |
| 25:06 | Create | Spearman |
| 25:07 | Create | Spearman |
| 25:07 | Create | Spearman |
| 25:38 | Research | Bloodlines |
Build order — Hamurabi1
First 150 of 195 actions detected
| 0:04 | Build | House |
| 0:06 | Create | Villager (Male) |
| 0:06 | Create | Villager (Male) |
| 0:06 | Create | Villager (Male) |
| 0:06 | Create | Villager (Male) |
| 0:07 | Create | Villager (Male) |
| 0:07 | Research | Loom |
| 0:07 | Research | Loom |
| 0:56 | Build | House |
| 0:58 | Build | House |
| 1:00 | Build | House |
| 1:41 | Create | Villager (Male) |
| 1:42 | Create | Villager (Male) |
| 2:24 | Create | Villager (Male) |
| 2:24 | Create | Villager (Male) |
| 2:24 | Create | Villager (Male) |
| 2:39 | Create | Villager (Male) |
| 2:39 | Create | Villager (Male) |
| 3:04 | Build | House |
| 3:06 | Build | House |
| 3:30 | Create | Villager (Male) |
| 3:30 | Create | Villager (Male) |
| 3:31 | Create | Villager (Male) |
| 3:50 | Create | Villager (Male) |
| 3:50 | Create | Villager (Male) |
| 3:51 | Create | Villager (Male) ×2 |
| 3:51 | Create | Villager (Male) |
| 3:51 | Create | Villager (Male) |
| 3:51 | Create | Villager (Male) |
| 4:24 | Build | House |
| 4:30 | Create | Villager (Male) |
| 4:30 | Create | Villager (Male) |
| 4:30 | Create | Villager (Male) |
| 4:50 | Create | Villager (Male) |
| 4:50 | Create | Villager (Male) |
| 4:50 | Create | Villager (Male) |
| 4:56 | Build | House |
| 5:15 | Create | Villager (Male) |
| 5:15 | Create | Villager (Male) |
| 6:17 | Create | Villager (Male) |
| 6:18 | Create | Villager (Male) |
| 6:18 | Create | Villager (Male) |
| 7:13 | Build | Lumber Camp |
| 7:55 | Create | Villager (Male) |
| 8:37 | Build | House |
| 8:40 | Build | House |
| 8:49 | Build | House |
| 8:51 | Build | House |
| 9:25 | Build | Mill |
| 9:47 | Research | Feudal Age |
| 10:23 | Build | Barracks |
| 11:44 | Create | Villager (Male) |
| 11:45 | Create | Villager (Male) |
| 11:45 | Create | Villager (Male) |
| 11:45 | Create | Villager (Male) |
| 11:45 | Create | Villager (Male) |
| 11:46 | Create | Villager (Male) |
| 11:55 | Build | House |
| 12:03 | Build | Blacksmith |
| 12:14 | Create | Villager (Male) |
| 12:15 | Create | Villager (Male) |
| 12:20 | Create | Villager (Male) |
| 12:29 | Build | Mining Camp |
| 13:06 | Build | Mill |
| 13:22 | Build | Market |
| 14:58 | Build | Archery Range |
| 16:38 | Research | Castle Age |
| 16:41 | Research | Horse Collar |
| 17:16 | Build | House |
| 17:42 | Research | Double-Bit Axe |
| 17:52 | Build | Farm |
| 17:54 | Build | Farm |
| 17:57 | Build | Farm |
| 17:58 | Build | Farm |
| 18:00 | Build | Farm |
| 18:04 | Build | Farm |
| 18:06 | Build | Farm |
| 18:07 | Build | Farm |
| 18:09 | Build | Farm |
| 18:11 | Build | Farm |
| 18:13 | Build | Farm |
| 18:15 | Build | Farm |
| 18:26 | Build | House |
| 18:30 | Build | House |
| 18:32 | Build | House |
| 18:35 | Build | House |
| 19:06 | Create | Villager (Male) |
| 19:07 | Create | Villager (Male) |
| 19:07 | Create | Villager (Male) |
| 19:07 | Create | Villager (Male) |
| 19:42 | Build | Town Center |
| 21:00 | Build | University |
| 21:06 | Create | Villager (Male) |
| 21:06 | Create | Villager (Male) |
| 21:06 | Create | Villager (Male) |
| 21:07 | Create | Villager (Male) |
| 21:07 | Create | Villager (Male) |
| 21:07 | Create | Villager (Male) |
| 21:08 | Create | Villager (Male) |
| 21:08 | Create | Villager (Male) |
| 21:08 | Create | Villager (Male) |
| 21:08 | Create | Villager (Male) |
| 21:09 | Create | Villager (Male) |
| 21:21 | Create | Villager (Male) |
| 22:03 | Research | Heavy Plow |
| 22:14 | Research | Gold Mining |
| 22:35 | Build | Archery Range |
| 23:14 | Research | Bow Saw |
| 23:26 | Create | Villager (Male) |
| 23:26 | Create | Villager (Male) |
| 23:27 | Create | Villager (Male) |
| 23:31 | Create | Villager (Male) |
| 23:42 | Build | Siege Workshop |
| 23:52 | Build | Siege Workshop |
| 23:58 | Build | Farm |
| 24:06 | Build | Farm |
| 24:23 | Build | Farm |
| 24:28 | Create | Villager (Male) |
| 24:28 | Create | Villager (Male) |
| 24:29 | Create | Villager (Male) |
| 24:29 | Create | Villager (Male) |
| 24:29 | Create | Villager (Male) |
| 24:32 | Create | Villager (Male) |
| 25:08 | Build | Farm |
| 25:12 | Build | Farm |
| 25:28 | Build | Archery Range |
| 25:30 | Build | Archery Range |
| 25:36 | Build | Farm |
| 25:39 | Build | Farm |
| 25:50 | Build | Farm |
| 26:13 | Build | Lumber Camp |
| 27:26 | Research | Imperial Age |
| 27:37 | Build | Archery Range |
| 27:38 | Build | Archery Range |
| 28:09 | Research | Gold Shaft Mining |
| 28:10 | Research | Stone Mining |
| 28:30 | Research | Wheelbarrow |
| 28:30 | Research | Wheelbarrow |
| 28:37 | Research | Town Watch |
| 29:26 | Create | Villager (Male) |
| 29:26 | Create | Villager (Male) |
| 29:26 | Create | Villager (Male) |
| 29:26 | Create | Villager (Male) |
| 29:27 | Create | Villager (Male) |
| 29:27 | Create | Villager (Male) |
| 29:27 | Create | Villager (Male) |
| 29:30 | Create | Villager (Male) |
| 29:30 | Create | Villager (Male) |
| 29:35 | Build | House |
| 29:36 | Build | House |
Match timeline
| 4:56 | Jojo · first_building Barracks |
| 6:40 | BudLight Knight · first_building Barracks |
| 8:39 | mleit · first_building Barracks |
| 9:12 | i2i Vibe · first_building Barracks |
| 10:10 | i2i Vibe · first_building Stable |
| 10:23 | Hamurabi1 · first_building Barracks |
| 10:41 | i2i Vibe · wall_segment Stone Wall x8 |
| 12:38 | ogipochi_ · wall_segment Stone Wall x30 |
| 13:16 | ogipochi_ · first_market_sell 100 stone |
| 13:18 | ogipochi_ · first_market_buy 100 food |
| 13:26 | BudLight Knight · wall_segment Palisade Wall x9 |
| 13:39 | mleit · first_building Stable |
| 14:48 | ogipochi_ · first_building Barracks |
| 14:49 | mleit · first_building Archery Range |
| 14:54 | BudLight Knight · wall_segment Stone Wall x8 |
| 14:58 | Hamurabi1 · first_building Archery Range |
| 15:19 | Hamurabi1 · first_market_buy 100 food |
| 16:20 | BudLight Knight · wall_segment Stone Wall x19 |
| 16:29 | BudLight Knight · wall_segment Stone Wall x4 |
| 16:34 | BudLight Knight · wall_segment Stone Wall x13 |
| 16:36 | Hamurabi1 · first_market_sell 100 wood |
| 17:10 | BudLight Knight · first_building Stable |
| 18:11 | BudLight Knight · wall_segment Stone Wall x15 |
| 18:30 | Jojo · first_building Archery Range |
| 18:54 | Jojo · first_building Stable |
| 19:15 | i2i Vibe · first_building Siege Workshop |
| 21:02 | Jojo · first_market_buy 100 food |
| 21:12 | ogipochi_ · first_building Siege Workshop |
| 23:42 | Hamurabi1 · first_building Siege Workshop |
| 24:41 | Jojo · first_market_sell 500 wood |
| 25:37 | ogipochi_ · first_building Castle |
| 26:46 | i2i Vibe · first_building Monastery |
| 26:57 | BudLight Knight · first_building Castle |
| 27:33 | mleit · first_building Siege Workshop |
| 28:01 | ogipochi_ · wall_segment Stone Wall x3 |
| 28:02 | ogipochi_ · wall_segment Stone Wall x4 |
| 28:06 | ogipochi_ · wall_segment Stone Wall x1 |
| 28:07 | ogipochi_ · wall_segment Stone Wall x1 |
| 29:05 | i2i Vibe · first_building Castle |
| 29:48 | Jojo · resign |
[ AI ANALYSIS · 1 CREDIT ]
What really happened in this match?
Wolo.gg analyzes every decision: build order, eco, micro, common mistakes by bracket. Personalized analysis on WhatsApp or Discord in 30 seconds.
Civ guide
Celts
Perfil
Jugador #23836734